 Dungeon Crawl Stone Soup version 0.18.1-48-g4cf74bf (webtiles) character file.

223 juanjsm the Sneak (level 5, -2/24 HPs)
             Began as a Spriggan Enchanter on July 8, 2016.
             Slain by a slave (5 damage)
             ... led by Pikel
             ... on level 4 of the Dungeon.
             The game lasted 00:10:20 (2958 turns).

juanjsm the Sneak (Spriggan Enchanter)              Turns: 2958, Time: 00:10:20

Health: -2/24      AC:  6    Str:  4    XL:     5   Next: 66%
Magic:  10/13      EV: 19    Int: 17    God:
Gold:   214        SH:  0    Dex: 17    Spells: 4 memorised, 4 levels left

rFire  . . .     SeeInvis +     a - +1 dagger
rCold  . . .     Gourm    .     b - +1 robe
rNeg   . . .     Faith    .     (shield restricted)
rPois  .         Spirit   .     (helmet restricted)
rElec  .         Dismiss  .     m - +2 cloak
rCorr  .         Reflect  .     (gloves unavailable)
SustAt .         Harm     .     (boots unavailable)
MR     .....                    (no amulet)
Stlth  ++++......               (no ring)
                                (no ring)

@: very quick, not resistant to hostile enchantments, stealthy
A: unfitting armour, see invisible, herbivore 3, speed 3, slow metabolism 2
a: no special abilities


You were on level 4 of the Dungeon.
You were not hungry.

You visited 1 branch of the dungeon, and saw 4 of its levels.

You collected 214 gold pieces.

Inventory:

Hand Weapons
 a - a +1 dagger (weapon)
Missiles
 r - 14 poisoned needles
Armour
 b - a +1 robe (worn)
 m - a +2 cloak (worn)
Scrolls
 e - a scroll of blinking {unknown}
 f - a scroll of magic mapping {unknown}
 g - 3 scrolls of remove curse {unknown}
 j - 4 scrolls of identify {unknown}
 l - 2 scrolls of noise {unknown}
 o - a scroll of enchant armour {unknown}
Potions
 h - 3 potions of curing {unknown}
 i - 2 potions of might {unknown}
 k - a potion of flight {unknown}
 n - 2 potions of degeneration {unknown}
 p - a potion of resistance {unknown}
 q - 2 potions of cancellation {unknown}
Books
 c - a book of Maledictions

   Spells                             Type                      Level
   a - Corona                         Hexes                        1
   b - Ensorcelled Hibernation        Hexes/Ice                    2
   c - Confuse                        Hexes                        3
   d - Tukima's Dance                 Hexes                        3
   e - Dazzling Spray                 Conjuration/Hexes            3
Comestibles
 d - a bread ration


   Skills:
 + Level 2.4 Short Blades
 + Level 4.2 Dodging
 + Level 5.7 Stealth
 * Level 4.7 Spellcasting
 + Level 4.7 Hexes


You had 4 spell levels left.
You knew the following spells:

 Your Spells              Type           Power        Failure   Level  Hunger
a - Corona                Hex            ###....      2%          1    None
b - Ensorcelled Hibernat  Hex/Ice        ##....       10%         2    #......
c - Confuse               Hex            ###.....     10%         3    ###....
d - Dazzling Spray        Conj/Hex       ##....       17%         3    ###....


Dungeon Overview and Level Annotations

Branches:
Dungeon (4/15)
 Temple: D:4-7

Altars:
Dithmenos
Okawaru

Annotations:
D:4 Pikel


Innate Abilities, Weirdness & Mutations

You are tiny and cannot use many weapons and most armour.
You have supernaturally acute eyesight.
You are a herbivore.
You cover ground extremely quickly.
You need consume almost no food.


Message History

Pikel is lightly wounded.
The slave completely misses you. The slave barely misses you.
Pikel wonders, "What am I doing in here?"
Pikel hits you with a whip of electrocution!
Ouch! That really hurt!
The slave closely misses you. x2
You catch the helpless Pikel completely off-guard!
You puncture Pikel!
Pikel is moderately wounded.
The slave completely misses you. The slave barely misses you.
Pikel closely misses the slave.
The slave misses you. The slave hits you!
* * * LOW HITPOINT WARNING * * *
You hit Pikel but do no damage.
Pikel is moderately wounded.
The slave misses you. The slave barely misses you.
The slave closely misses you. The slave misses you.
You hit Pikel but do no damage.
Pikel is moderately wounded.
The slave barely misses you. The slave hits you.
You die...

. ..# #.# ##
### #.# #.#
#.# #.# #.##
#..#
#######.##
##..K@p...#
#[...ppp...#
#.##...##..#
#.....#..#
...._.....#
..#....?#..#
##.##...##..#
# ........#
.. ...#


You could see Pikel (confused) and 4 slaves.

Vanquished Creatures
  The ghost of pedritolo the Sneak, an amateur SpEn (D:3)
  A hound (D:3)
  5 adders
  An ooze (D:2)
  2 dart slugs (D:1)
  2 giant geckos (D:2)
  5 orcs (D:3)
  3 giant cockroaches
  6 goblins
  9 hobgoblins
  9 jackals (D:1)
  6 kobolds
  2 quokkas (D:3)
  7 bats
  4 giant newts
  5 rats
68 creatures vanquished.

Notes
Turn   | Place    | Note
--------------------------------------------------------------
     0 | D:1      | juanjsm the Spriggan Enchanter began the quest for the Orb.
     0 | D:1      | Reached XP level 1. HP: 9/9 MP: 5/5
   288 | D:1      | Reached XP level 2. HP: 11/13 MP: 7/7
   610 | D:1      | Learned a level 2 spell: Ensorcelled Hibernation
  1233 | D:1      | Reached XP level 3. HP: 16/16 MP: 1/8
  1239 | D:1      | Learned a level 3 spell: Confuse
  1736 | D:2      | Reached skill level 5 in Stealth
  1804 | D:2      | Found a shadowy altar of Dithmenos.
  1868 | D:2      | Reached XP level 4. HP: 20/21 MP: 7/10
  1873 | D:2      | Learned a level 3 spell: Dazzling Spray
  2307 | D:3      | Noticed pedritolo's ghost (amateur SpEn)
  2676 | D:3      | Reached XP level 5. HP: 24/24 MP: 6/12
  2900 | D:3      | Killed pedritolo's ghost
  2943 | D:4      | Found an iron altar of Okawaru.
  2943 | D:4      | Noticed Pikel
  2943 | D:4      | Noticed a slave
  2944 | D:4      | Noticed a slave
  2944 | D:4      | Noticed a slave
  2951 | D:4      | Noticed a slave
  2958 | D:4      | Slain by a slave

Skill      XL: |  1  2  3  4 |
---------------+-------------+-----
Spellcasting   | 3 4 |  4.7
Hexes          | 4 |  4.7
Stealth        | 5 |  5.7
Short Blades   | 2 |  2.4
Dodging        | 4 |  4.2

Action                   |  1- 3 |  4- 6 || total
-------------------------+-------+-------++-------
Melee: Dagger            |   134 |    49 ||   183
 Cast: Ensorcelled Hiber |    26 |    19 ||    45
       Corona            |     4 |       ||     4
       Confuse           |       |     3 ||     3
 Stab: Sleeping          |    29 |    19 ||    48
       Distracted        |     2 |     1 ||     3
       Confused          |       |     2 ||     2
  Eat: Royal jelly       |       |     1 ||     1
Armor: Robe              |    12 |     3 ||    15
Dodge: Dodged            |   100 |    49 ||   149
